[Event "*** Titled Tuesday Blitz"]
[Site "Chess.com"]
[Date "2018.12.04"]
[Round "10"]
[White "GreatDamnedRedSpot"]
[Black "Evgeny81"]
[Result "1/2-1/2"]
[WhiteElo "2334"]
[BlackElo "2491"]
[TimeControl "180+2"]
[EndTime "15:23:59 PST"]
[Termination "Game drawn by repetition"]

1. e4 e5 2. Nf3 c6 3. Nc3 d6 4. d4 Nd7 5. Bg5 Be7 6. Qd2 Bxg5 7. Nxg5 exd4 8. Ne2 c5 9. c3 d3 10. Ng3 Ne5 11.
f4 h6 12. Nf3 Nxf3+ 13. gxf3 c4 14. b3 d5 15. exd5 Qxd5 16. bxc4 Qxf3 17. Bg2 Qg4 18. O-O Be6 19. Bxb7 Rd8 20. Rae1 Kf8 21.
f5 Bc8 22. Bxc8 Rxc8 23. Qxd3 Nf6 24. Qd6+ Kg8 25. Rf4 Qg5 26. Kg2 Nh5 27. Rd4 Kh7 28. Qe7 Rhe8 29. Qxg5 hxg5 30. Rxe8 Rxe8 31. Nxh5 Re2+ 32.
Kg3 Rxa2 33. c5 Kh6 34. c6 Re2 35. c7 Re3+ 36. Kg4 Rxc3 37. Rd6+ f6 38. Nxf6 gxf6 39.
Rxf6+ Kg7 40. Rg6+ Kf7 41. Kxg5 Rxc7 42. h4 Rc1 43. h5 Rg1+ 44. Kf4 Rf1+ 45. Ke5 Re1+ 46. Kd4 Rd1+ 47. Ke4 Re1+ 48. Kf4 Rf1+ 49. Kg5 Rg1+ 50. Kh6 Rf1 51. Ra6 Rxf5 52. Rxa7+ Kg8 53. Kg6 Rf8 54. Rg7+ Kh8 55. Rh7+ Kg8 56. Rg7+ Kh8 57. Rh7+ Kg8 58. Rg7+ Kh8 59. Rh7+ Kg8 60. Rg7+ Kh8 61. Rh7+ 1/2-1/2

[Event "*** Titled Tuesday Blitz"]
[Site "Chess.com"]
[Date "2018.12.04"]
[Round "10"]
[White "Atanejhad"]
[Black "pedromartinez91"]
[Result "0-1"]
[WhiteElo "2295"]
[BlackElo "2423"]
[TimeControl "180+2"]
[EndTime "15:24:03 PST"]
[Termination "pedromartinez91 won by resignation"]

1. d4 Nf6 2. c4 g6 3. Nc3 Bg7 4. e4 O-O 5. Nf3 c6 6. Be2 d5 7.
e5 Ne4 8. cxd5 cxd5 9. O-O Nc6 10. h3 Bf5 11. g4 Be6 12. Ng5 Nxg5 13. Bxg5 f6 14.
exf6 exf6 15. Be3 f5 16. f4 Qh4 17. Kg2 Qe7 18. Qd2 Rae8 19. Rae1 Qb4 20. Rd1 Kh8 21. g5 Bg8 22. Bf3 Rxe3 23. Qxe3 Nxd4 24. Qd2 Nxf3 25. Rxf3 d4 26. Ne2 Qxd2 27. Rxd2 Bd5 28. Nxd4 Rd8 29.
Nb3 Bxf3+ 30. Kxf3 Rxd2 31. Nxd2 Bxb2 32. Nc4 Bd4 33.
Na5 b5 34. Nc6 Bc5 35. Nd8 Bb6 36. Nb7 Kg8 37. Nd6 a6 38. Ne8 Kf7 39. Nf6 Bd4 40. Nd5 a5 41. Ke2 Bc5 42. Kd3 Bd6 43. Kd4 Ke6 44.
h4 a4 45. a3 Bxa3 46. Nc7+ Kd7 47. Nxb5 Bd6 48. Ke3 a3 49. Nc3 Kc6 50. Kd4 Bxf4 51. Nd5 Bd6 52. Nc3 f4 53. Na2 Kb5 54. Kd3 Ka4 55.
Kc4 f3 56. Nc3+ Ka5 57. Ne4 a2 58. Nxd6 a1=Q 0-1

[Event "*** Titled Tuesday Blitz"]
[Site "Chess.com"]
[Date "2018.12.04"]
[Round "10"]
[White "ChessQueen"]
[Black "akretchetov"]
[Result "1-0"]
[WhiteElo "2555"]
[BlackElo "2361"]
[TimeControl "180+2"]
[EndTime "15:24:04 PST"]
[Termination "ChessQueen won by resignation"]

1. e4 e5 2. Nf3 Nc6 3. Bc4 Bc5 4. d3 d6 5. c3 Nf6 6. Bg5 a6 7. a4 h6 8. Bh4 Qe7 9. O-O Ba7 10. Nbd2 g5 11.
Bg3 Bd7 12. b4 Nh5 13. Nxe5 Nxe5 14. Bxe5 Qxe5 15. Qxh5 O-O-O 16. d4 Qf4 17. Ra2 Rdf8 18. g3 Qf6 19. Re1 Qe7 20. e5 dxe5 21. Rxe5 Qf6 22.
Ne4 Qg7 23. Nc5 Bxc5 24. bxc5 f6 25. Re1 Re8 26. Rae2 Rxe2 27. Qxe2 Bxa4 28. Bxa6 Re8 29. Qg4+ Kb8 30. Rxe8+ Bxe8 31. Bf1 Bd7 32. Qe2 c6 33. Bg2 f5 34. Qe3 Qf7 35. Qe5+ Kc8 36. d5 cxd5 37.
Bxd5 Qf8 38. Bc4 f4 39. Bd5 fxg3 40. hxg3 Qf5 41. Qd4 Kc7 42. Be4 Qe6 43. c4 Bc6 44. Bd5 Qe1+ 45. Kg2 Qe7 46. Kf1 Qe8 47. Qg7+ Kb8 48.
Qxh6 Qe5 49. Qd6+ Qxd6 50. cxd6 Bd7 51. c5 Ka7 52. Ke2 Ka6 53. Kd3 Kb5 54. Kd4 g4 55. Bxb7 1-0

[Event "*** Titled Tuesday Blitz"]
[Site "Chess.com"]
[Date "2018.12.04"]
[Round "10"]
[White "SCIM"]
[Black "DishonorOnYourCow"]
[Result "1-0"]
[WhiteElo "2430"]
[BlackElo "2237"]
[TimeControl "180+2"]
[EndTime "15:24:04 PST"]
[Termination "SCIM won by checkmate"]

1. d4 Nf6 2. c4 g6 3. Nc3 d5 4.
cxd5 Nxd5 5. e4 Nxc3 6. bxc3 Bg7 7. Nf3 O-O 8. Be3 c5 9. Qd2 Nc6 10. d5 Qa5 11. Rc1 Rd8 12. Bc4 Bg4 13. O-O Bxf3 14.
gxf3 Ne5 15. Be2 Rac8 16. c4 Qc7 17. f4 Nd7 18. e5 Nb6 19. Rfd1 Qd7 20. Qd3 Qh3 21. Qe4 f5 22. Qf3 Qxf3 23. Bxf3 Kf7 24. Rc2 Na8 25. Rb1 b6 26. a4 Rg8 27. h4 h6 28. Kf1 g5 29. hxg5 hxg5 30. Bh5+ Kf8 31. a5 Bh6 32. fxg5 Bxg5 33. f4 Bh6 34. Bf3 Rg3 35.
Kf2 Rh3 36. Rh1 Rxh1 37. Bxh1 Kf7 38. Bf3 bxa5 39. Ra2 Nb6 40. Be2 a4 41. Ra1 Bg7 42.
Bh5+ Kf8 43. Be2 Kf7 44. Rg1 Kf8 45. Rb1 Kf7 46. Ke1 Bh6 47. Kd2 Bf8 48. Kd3 e6 49. d6 Ke8 50. Rh1 Kd7 51. Rh7+ Kd8 52. Bf2 a3 53. Bh4+ Ke8 54. Bh5# 1-0

[Event "*** Titled Tuesday Blitz"]
[Site "Chess.com"]
[Date "2018.12.04"]
[Round "10"]
[White "KRASAVCHIK2002"]
[Black "NateSolon"]
[Result "0-1"]
[WhiteElo "2375"]
[BlackElo "2486"]
[TimeControl "180+2"]
[EndTime "15:24:05 PST"]
[Termination "NateSolon won on time"]

1. e4 c5 2. Nf3 e6 3. d4 cxd4 4. Nxd4 Nc6 5. Nc3 Qc7 6. g4 a6 7. h4 b5 8. Bg2 Bb7 9. a3 Nge7 10. Nxc6 Nxc6 11. O-O Be7 12. g5 h6 13. g6 fxg6 14.
h5 Ne5 15. f4 Nc4 16. hxg6 O-O 17.
b3 Bc5+ 18. Kh1 Ne3 19. Bxe3 Bxe3 20. Qd3 Bxf4 21. Rad1 Bc6 22. Ne2 Be5 23. c4 Rae8 24. c5 Qd8 25. Qh3 Qg5 26. Rxf8+ Rxf8 27. Nd4 Bxd4 28.
Rxd4 Qxc5 29. Rd1 Qc2 30. Re1 Rf4 31. Qg3 Qf2 32. Qxf2 Rxf2 33. Kg1 Rf6 34. Bh3 Rxg6+ 35. Kf2 Kf7 36. Kf3 Ke7 37. Kf4 Rf6+ 38. Ke3 e5 39. Rg1 g5 40. Bf5 d5 41. Rc1 Kd6 42. Rd1 d4+ 43.
Kd3 Bd7 44. Bxd7 Kxd7 45. Rh1 g4 46. Rh4 Rg6 47. Ke2 g3 48. Kf1 g2+ 49. Kg1 Kd6 50. Rh3 Kc5 51. Rd3 a5 52. Rf3 a4 53. bxa4 bxa4 54.
Rh3 Kc4 55. Rf3 d3 56. Rf2 Kc3 57. Rf3 Kc2 58. Rf2+ d2 59. Re2 Kc1 60. Re1+ dxe1=Q+ 0-1

[Event "*** Titled Tuesday Blitz"]
[Site "Chess.com"]
[Date "2018.12.04"]
[Round "10"]
[White "VincentBlom"]
[Black "vpantev"]
[Result "1-0"]
[WhiteElo "2536"]
[BlackElo "2611"]
[TimeControl "180+2"]
[EndTime "15:24:07 PST"]
[Termination "VincentBlom won by resignation"]

1. d4 Nf6 2. Bg5 d5 3. Bxf6 exf6 4. Nf3 Bd6 5. e3 O-O 6. g3 c6 7. Bg2 f5 8. O-O Nd7 9. Nbd2 Nf6 10. c4 Ne4 11. cxd5 cxd5 12. Ne1 Be6 13. Nd3 Qb6 14. Nf3 Rac8 15. Rc1 Qa6 16. a3 Rxc1 17. Nxc1 Rc8 18.
Re1 h6 19. Bf1 Qb6 20. Nd3 g6 21. Nfe5 Kg7 22. Nf3 Qc7 23. Qb1 Qc2 24. Rc1 Qxb1 25. Rxb1 Ng5 26. Be2 Ne4 27. Rc1 Rxc1+ 28. Nxc1 a5 29. Bb5 Kf8 30. Nd3 Ke7 31. Kf1 Kd8 32.
Ke2 Kc7 33. Nde5 Kd8 34. Ne1 Ke7 35. f3 Nf6 36. N1d3 b6 37. Bc6 Kd8 38. Kd2 Ke7 39.
Kc3 Bc8 40. Nf4 Be6 41. Kb3 g5 42. Nfd3 Bc8 43. Bb5 Bb7 44. Kc3 Ke6 45. Kd2 Ke7 46.
Ke2 Nh7 47. Kd2 Nf8 48. Kc3 Ne6 49. f4 Nc7 50. Nc6+ Kf6 51. Ba4 b5 52. Nxa5 Bc8 53.
Bc2 Kg6 54. Nc6 Kh5 55. Bd1+ Kg6 56. Bf3 h5 57. Nde5+ Kf6 58. Nb4 Bb7 59. Nbd3 h4 60. gxh4 g4 61. Bg2 Kg7 62. Nb4 Be7 63. h5 Bd6 64.
Kd2 Bf8 65. Ke2 f6 66. Nd7 Be7 67. Nc5 Ba8 68. Nba6 Nxa6 69. Nxa6 Kh6 70. Nc7 Bc6 71.
Bxd5 Bd7 72. Be6 Bd6 73. Bxd7 Bxc7 74. Bxb5 Kxh5 75. Bd7 Kg6 76. b4 Bd6 77. Be6 Be7 78. Kd3 1-0

[Event "*** Titled Tuesday Blitz"]
[Site "Chess.com"]
[Date "2018.12.04"]
[Round "10"]
[White "WorldChampionBulletChess"]
[Black "sergeikim"]
[Result "0-1"]
[WhiteElo "2175"]
[BlackElo "2451"]
[TimeControl "180+2"]
[EndTime "15:24:11 PST"]
[Termination "sergeikim won by resignation"]

1. d4 Nf6 2. c4 g6 3. Nc3 Bg7 4. f3 O-O 5. e4 d6 6. Bd3 Nc6 7. Nge2 e5 8. d5 Ne7 9. O-O c6 10. Be3 a6 11. b4 cxd5 12. Nxd5 Nfxd5 13. cxd5 f5 14. Rc1 Bd7 15. Nc3 Rf7 16. Qd2 Qf8 17.
b5 h6 18. Na4 Nc8 19. bxa6 bxa6 20. Nb6 Nxb6 21. Bxb6 Bf6 22. Rc7 Bd8 23. Rb7 Bc8 24.
Rxf7 Bxb6+ 25. Kh1 Kxf7 26. Rb1 Bc5 27. Qa5 Qe7 28. Qd2 f4 29. Rb3 a5 30. Qb2 a4 31.
Rb8 Rxb8 32. Qxb8 Qb7 33. Qxb7+ Bxb7 34. Bb5 a3 35. g3 g5 36. Kg2 Bc8 37. g4 Ke7 38. h3 Bd7 39. Bc4 Kd8 40. h4 gxh4 41. Kh3 Bf2 42. Bb3 Bg3 43. Bc4 h5 44. Be2 Ke7 45.
Kg2 hxg4 46. fxg4 Kf6 47. Bd1 Kg5 48. Kh3 Bb5 49. Bf3 Bf1+ 50. Bg2 Bxg2+ 51. Kxg2 Kxg4 52. Kh1 f3 53. Kg1 Kf4 54. Kh1 Kxe4 55. Kg1 Kxd5 56. Kh1 e4 57. Kg1 e3 58. Kh1 e2 0-1

[Event "*** Titled Tuesday Blitz"]
[Site "Chess.com"]
[Date "2018.12.04"]
[Round "10"]
[White "GMWSO"]
[Black "penguingm1"]
[Result "1-0"]
[WhiteElo "2977"]
[BlackElo "2786"]
[TimeControl "180+2"]
[EndTime "15:24:26 PST"]
[Termination "GMWSO won by resignation"]

1. d4 d5 2. c4 e6 3. Nc3 Be7 4. cxd5 exd5 5. Bf4 c6 6. e3 Bf5 7. g4 Be6 8. h3 Nd7 9. Qb3 Nb6 10. Nf3 g5 11. Be5 f6 12. Bg3 h5 13. gxh5 Rxh5 14. Bd3 Rxh3 15. Rxh3 Bxh3 16. e4 Be6 17. O-O-O Qd7 18.
Qc2 Bg4 19. Be2 dxe4 20. Nxe4 O-O-O 21. d5 Nxd5 22. Qa4 a6 23. Ne5 Bxe2 24. Nxd7 Bxd1 25.
Qxd1 Rxd7 26. Qh5 f5 27. Nxg5 Bxg5+ 28. Qxg5 Nge7 29. a3 Rd8 30. Qh6 Rd7 31. Be5 Rd8 32. Qe6+ Rd7 33. f4 Kd8 34. Kb1 Kc8 35. Ka2 Kd8 36.
Qf7 Kc8 37. Qh5 Rd8 38. Qg5 Rd7 39. Bd4 Kc7 40. Qh4 Rd8 41. Bc5 Kd7 42. Qf2 Kc7 43. Bd4 Kd7 44. Be5 Ra8 45. Qc5 Rd8 46. Qa7 Ke6 47. Qxb7 a5 48. Qa6 Rc8 49. Qxa5 Ng6 50. Qe1 Kf7 51. Bd6 Re8 52. Qc1 Re6 53. Qxc6 Nge7 54.
Qc5 Ne3 55. Bxe7 Rxe7 56. a4 Re4 57. a5 Kg6 58. a6 1-0

[Event "*** Titled Tuesday Blitz"]
[Site "Chess.com"]
[Date "2018.12.04"]
[Round "10"]
[White "PowerThinking2650"]
[Black "vovachesss"]
[Result "0-1"]
[WhiteElo "2254"]
[BlackElo "2498"]
[TimeControl "180+2"]
[EndTime "15:24:31 PST"]
[Termination "vovachesss won by resignation"]

1. e4 e5 2. Nf3 d5 3. exd5 e4 4.
Qe2 Nf6 5. Nc3 Be7 6. Nxe4 O-O 7.
d3 Qxd5 8. Bd2 Nc6 9. Bc3 Bg4 10. h3 Bh5 11. g4 Bg6 12. Nfd2 Rfe8 13. Bg2 Nxe4 14.
dxe4 Qc5 15. O-O-O Rad8 16. f4 f6 17. Qc4+ Bf7 18.
Qxc5 Bxc5 19. Rhe1 Bf2 20. Re2 Bg3 21. Rf1 Nd4 22.
Bxd4 Rxd4 23. Rf3 Bh4 24. b3 Red8 25. c3 Rd3 26. Kc2 Rxf3 27. Nxf3 Bg3 28. f5 Re8 29. Nd4 Kf8 30. e5 fxe5 31. Nb5 c6 32. Nd6 Re7 33. c4 h6 34. Ne4 Bf4 35. h4 Rd7 36.
Bf3 Rd4 37. g5 hxg5 38. hxg5 b5 39. g6 Bg8 40. Kc3 bxc4 41. b4 Rd3+ 42. Kc2 Rxf3 43. f6 gxf6 44. Nxf6 Kg7 45. Ne4 Kxg6 46. Rg2+ Kf7 47. Nd6+ Ke6 48. Nxc4 Bh7+ 49. Kb2 Be4 50. Na5 Rb3+ 51. Kxb3 Bxg2 52. Kc4 Bd5+ 53. Kd3 e4+ 54.
Kd4 Be5+ 55. Ke3 Bc7 56. Nb3 Bxb3 57. axb3 Kd5 58. Kd2 Kd4 59. Ke2 e3 60. b5 cxb5 61. b4 Ke4 62. Kd1 Kd3 63. Ke1 e2 64. Kf2 Kd2 65.
Kf3 e1=Q 0-1

[Event "*** Titled Tuesday Blitz"]
[Site "Chess.com"]
[Date "2018.12.04"]
[Round "10"]
[White "Paparama_1917"]
[Black "martinique24"]
[Result "1/2-1/2"]
[WhiteElo "2576"]
[BlackElo "2427"]
[TimeControl "180+2"]
[EndTime "15:24:35 PST"]
[Termination "Game drawn by agreement"]

1. e4 e5 2. Nf3 Nf6 3. Nxe5 d6 4. Nd3 Nxe4 5. Qe2 Qe7 6. Nf4 c6 7. d3 Nf6 8. d4 Qxe2+ 9. Bxe2 d5 10. Nd2 Bd6 11. Nf3 O-O 12. Ne5 Nbd7 13. Nfd3 Re8 14. Bf4 Nf8 15. O-O-O Bf5 16. Rde1 Rad8 17. f3 Ng6 18.
Nxg6 hxg6 19. Bxd6 Rxd6 20. h4 Nh5 21. Kd2 Ng3 22. Rhg1 Nxe2 23. Rxe2 Rxe2+ 24. Kxe2 Re6+ 25. Kd2 Bxd3 26. Kxd3 f5 27. g3 Kf7 28. Rg2 b6 29. Re2 c5 30. Re5 Rxe5 31. dxe5 Ke6 32. f4 b5 33. c3 a5 34. Ke3 Kd7 35. Kf3 Ke6 36.
g4 d4 37. cxd4 cxd4 38. gxf5+ gxf5 39. Ke2 g6 40. Kd3 Kd5 41. Kd2 Kc5 42. Kc2 Kc6 43. b3 Kc5 44. a3 Kc6 45. Kd3 Kd5 46. Kd2 Kc5 47. Ke2 Kc6 48. Kd3 Kd5 49. a4 b4 50.
Kc2 Kc6 51. Kd2 Kc5 52. Kd3 Kd5 53. Ke2 Kc5 54. Kf3 Kc6 55. Kg3 Kd5 56. Kf2 Kc6 57. Ke2 Kc5 58. Kd2 Kc6 59. Kd3 Kd5 60. e6 Kxe6 61.
Kxd4 Kd6 62. Kc4 Kc6 63. Kd4 Kd6 64. Kc4 1/2-1/2

[Event "*** Titled Tuesday Blitz"]
[Site "Chess.com"]
[Date "2018.12.04"]
[Round "10"]
[White "gmjlh"]
[Black "severomorskij"]
[Result "1/2-1/2"]
[WhiteElo "2705"]
[BlackElo "2761"]
[TimeControl "180+2"]
[EndTime "15:24:36 PST"]
[Termination "Game drawn by stalemate"]

1. d4 Nf6 2. c4 e6 3. Nf3 Bb4+ 4. Nbd2 b6 5. e3 Bb7 6. Be2 O-O 7. O-O d5 8. a3 Be7 9. b4 c5 10. bxc5 bxc5 11.
Rb1 Qc7 12. Bb2 Nbd7 13. dxc5 dxc4 14. Nxc4 Bxc5 15. Nfe5 Rfd8 16. Bf3 Nxe5 17. Bxe5 Rxd1 18. Bxc7 Bxf3 19. Rfxd1 Bxd1 20. Rxd1 Rc8 21. Rd8+ Rxd8 22. Bxd8 Nd5 23. Ba5 Kf8 24. Kf1 Ke7 25. Ke2 f5 26. f3 g5 27. h3 h5 28. g4 Nf6 29. Bc3 Nd5 30. Be5 Nb6 31. Nxb6 Bxb6 32. gxh5 Kf7 33. Kd3 a6 34. a4 Bd8 35. Kc4 Be7 36. Bd4 Bd6 37. Bc5 Bc7 38. Ba7 Kg7 39. Kc5 Kh6 40. Kc6 Bg3 41. Kd7 e5 42. Ke6 e4 43. fxe4 fxe4 44.
Kf5 Kxh5 45. Kxe4 Kh4 46. Kf5 Bf2 47. Bd4 Kxh3 48. Kxg5 Kg3 49. a5 Kf3 50. Kf5 Bxe3 51.
Bxe3 Kxe3 52. Ke5 Kf3 53. Kd5 Kf4 54. Kc6 Ke5 55. Kb6 Kd6 56. Kxa6 Kc7 57. Ka7 Kc8 58. a6 Kc7 59. Ka8 Kc8 60. Ka7 Kc7 61. Ka8 Kc8 62. Ka7 Kc7 63. Ka8 Kb6 64. a7 Kc7 1/2-1/2

[Event "*** Titled Tuesday Blitz"]
[Site "Chess.com"]
[Date "2018.12.04"]
[Round "10"]
[White "maziarbagheri"]
[Black "ShadowJolteon"]
[Result "1/2-1/2"]
[WhiteElo "2275"]
[BlackElo "2412"]
[TimeControl "180+2"]
[EndTime "15:24:36 PST"]
[Termination "Game drawn - insufficient material"]

1. d4 Nf6 2. c4 e6 3. g3 d5 4. Bg2 Be7 5. Nf3 dxc4 6. O-O O-O 7. Qc2 a6 8. Qxc4 b5 9. Qc2 Bb7 10. Bd2 Be4 11. Qc1 Nbd7 12. Ba5 Rc8 13. Nbd2 Bb7 14. Qc2 Nb6 15. b3 c5 16. dxc5 Bxc5 17. Qb2 Qe7 18. a3 Nbd7 19. Rfd1 Bb6 20. Bxb6 Nxb6 21. Rac1 Nfd7 22.
Nb1 Nc5 23. Nbd2 Rfd8 24. Nb1 Ne4 25. Rxd8+ Rxd8 26. Nbd2 Nxd2 27. Nxd2 Bxg2 28. Kxg2 Qb7+ 29. Nf3 Qd5 30. Qc3 g5 31. Qe3 Rc8 32. Rxc8+ Nxc8 33. Qxg5+ Qxg5 34. Nxg5 Na7 35. Ne4 a5 36. Nc3 Kf8 37. Kf3 Ke7 38. Ke4 Kd6 39. Kd4 f5 40. f4 Nc6+ 41. Kd3 b4 42. axb4 axb4 43. Na2 Na5 44. Nc1 e5 45. fxe5+ Kxe5 46. e3 Kd5 47. h3 Ke5 48. Ke2 Ke4 49. Kf2 Nc6 50. g4 fxg4 51. hxg4 Ne5 52. Kg3 h6 53. Na2 Nd3 54. Kh4 Kxe3 55.
g5 hxg5+ 56. Kxg5 Kd2 57. Kf5 Kc2 58. Ke4 Kxb3 59. Nxb4 Nxb4 1/2-1/2

[Event "*** Titled Tuesday Blitz"]
[Site "Chess.com"]
[Date "2018.12.04"]
[Round "10"]
[White "kacprekt"]
[Black "BlackBoarder"]
[Result "1-0"]
[WhiteElo "2385"]
[BlackElo "2472"]
[TimeControl "180+2"]
[EndTime "15:24:39 PST"]
[Termination "kacprekt won by resignation"]

1. e4 e6 2. Qe2 b6 3. g3 c5 4. Bg2 Nc6 5. Nf3 g6 6. O-O Bg7 7. c3 Nge7 8. Rd1 O-O 9. d4 cxd4 10. cxd4 d5 11. e5 a5 12. Nc3 Ba6 13. Qe1 Rc8 14.
Bg5 Qd7 15. Bf6 Rc7 16. h4 Rfc8 17. h5 Nb4 18. Qd2 Bf8 19. a3 Nbc6 20. Qg5 Nf5 21. g4 Bh6 22. gxf5 Bxg5 23. Nxg5 h6 24. Nh3 gxf5 25. Nf4 Kh7 26. Kh2 Rg8 27. Bh3 Rcc8 28. Na4 Rb8 29. Rac1 Nxe5 30. Bxe5 Qxa4 31. Rc7 Rbf8 32.
Nxe6 Qxd1 33. Bxf5+ Rg6 34. Nxf8+ Kg8 35. hxg6 Qh5+ 36.
Bh3 Kxf8 37. Rxf7+ Kg8 38. Rg7+ Kf8 39. Rf7+ Kg8 40.
Ra7 Bc8 41. Rg7+ Kf8 42. Rf7+ Ke8 43. Rf3 Bxh3 44. Rxh3 Qxg6 45. Bf4 Qe4 46. Re3 h5 47. Rxe4+ dxe4 48. Kg3 Kf7 49. Kh4 Ke6 50. Kxh5 Kd5 51. Be3 Kc4 52. Kg5 b5 53. Kf5 b4 54. axb4 axb4 55. Kxe4 Kb3 56. d5 Kxb2 57. d6 b3 58. d7 Ka2 59. d8=Q b2 60. Qa5+ Kb1 61. Qc3 Ka2 62.
Qc4+ Ka1 63. Qa4+ Kb1 64. Bd4 Kc1 65. Qa3 Kd1 66. Qxb2 1-0

[Event "*** Titled Tuesday Blitz"]
[Site "Chess.com"]
[Date "2018.12.04"]
[Round "10"]
[White "Andrew-FB00"]
[Black "ChessGamingPro"]
[Result "1-0"]
[WhiteElo "1797"]
[BlackElo "1655"]
[TimeControl "180+2"]
[EndTime "15:24:40 PST"]
[Termination "Andrew-FB00 won on time"]

1. e4 e5 2. Nf3 Nc6 3. Bb5 a6 4. Ba4 Nf6 5. d4 exd4 6. O-O d6 7. Nxd4 Bd7 8. Re1 Be7 9. Nc3 O-O 10. Nxc6 Bxc6 11. Bxc6 bxc6 12. Bg5 Qd7 13. e5 Ne8 14. Bxe7 Qxe7 15. exd6 Qxd6 16. Qf3 Nf6 17. Ne4 Nxe4 18. Qxe4 Qf6 19. b3 h6 20. c4 Rfe8 21. Qxe8+ Rxe8 22. Rxe8+ Kh7 23. Rae1 Qb2 24. R8e2 Qa3 25. g3 a5 26. Rd1 a4 27. Rd3 axb3 28. axb3 c5 29. Re7 Qb2 30. Rde3 Qb1+ 31. Kg2 Qf5 32. Rxc7 h5 33.
Ree7 Kg8 34. h4 Qc2 35. Rxf7 Qxb3 36. Rxg7+ Kh8 37. Rh7+ Kg8 38. Rxh5 Qxc4 39. Rg5+ Kf8 40. Rf5+ Kg8 41. Rcxc5 Qe4+ 42. Kh3 Qh1+ 43. Kg4 Qe4+ 44.
Kg5 Qe7+ 45. Kf4 Qd6+ 46. Kf3 Qd3+ 47. Kg2 Qe4+ 48. Kh2 Qe2 49. h5 Qe4 50. h6 Kh7 51.
Rf6 Qe7 52. Rcf5 Qb4 53. Rf4 Qb5 54. Rh4 Qb4 55. Rf7+ Kh8 56. Rg7 Qd6 57. Rb7 1-0

[Event "*** Titled Tuesday Blitz"]
[Site "Chess.com"]
[Date "2018.12.04"]
[Round "10"]
[White "AsaHoffmann"]
[Black "rasmussvane"]
[Result "0-1"]
[WhiteElo "2222"]
[BlackElo "2689"]
[TimeControl "180+2"]
[EndTime "15:24:56 PST"]
[Termination "rasmussvane won by resignation"]

1. d4 Nf6 2. Bg5 d5 3. Bxf6 gxf6 4. e3 c5 5. c4 dxc4 6. Bxc4 cxd4 7. exd4 Bg7 8. Nf3 O-O 9. Nc3 Nc6 10. h3 f5 11. d5 Ne5 12. Bb3 Nd7 13. O-O Nf6 14. Re1 a6 15. a4 Qd6 16. Qd3 Bd7 17. Rad1 Rad8 18. Nd4 Qf4 19. Qf3 Qxf3 20. Nxf3 Rfe8 21. Ne5 Bc8 22. a5 Nd7 23. Nc4 Nc5 24. Ba2 Bd7 25. Nb6 Bf6 26. Nxd7 Rxd7 27. Bb1 f4 28. Ne4 Nxe4 29. Rxe4 Bxb2 30. Rxf4 Red8 31. Be4 Bg7 32. Rb1 Rc7 33. g3 h6 34. Bf3 Rdd7 35. Bh5 e5 36. dxe6 fxe6 37. Bg4 Re7 38. Re1 Rc6 39. Rfe4 Kf7 40.
Bf3 Rc5 41. Rf4+ Bf6 42. Bg4 Rxa5 43. Rfe4 e5 44. Rb1 b5 45. h4 Ra3 46. Be2 Rc7 47. h5 Rac3 48. Kg2 Rc1 49. Rb2 R7c2 50. Rb3 Rc3 51. Rb2 R1c2 52. Rb1 Ke6 53. Ra1 Rc6 54. Re3 Kd6 55. Bf3 Rb6 56. Rea3 e4 57. Bxe4 Bxa1 58. Bxc2 Bf6 59. f4 b4 60. Ra4 b3 61. Bxb3 Rxb3 62.
Rxa6+ Ke7 63. g4 Rb5 64. Kf3 Kf7 65. Rc6 Rb4 66. Rd6 Kg7 67. Rc6 Rb7 68. Rd6 Rf7 69. Rc6 Bg5 70. Rc4 Kh7 71. Rb4 Bf6 72. Rc4 Kg7 73. Rb4 Rd7 74. Rb3 Be7 75. Re3 Bd8 76.
Rc3 Bc7 77. Rb3 Rd4 78. Rb7 Rxf4+ 79. Ke3 Rf7 80. Ke4 Kf6 81. Ra7 Kg5 82. Ra6 Bf4 83. Rg6+ Kh4 84. Rg8 Bg5 85. Rg6 Kxg4 86. Rg8 Kxh5 0-1

[Event "*** Titled Tuesday Blitz"]
[Site "Chess.com"]
[Date "2018.12.04"]
[Round "10"]
[White "chidori_boruto"]
[Black "c63_amg"]
[Result "1-0"]
[WhiteElo "2591"]
[BlackElo "2617"]
[TimeControl "180+2"]
[EndTime "15:25:07 PST"]
[Termination "chidori_boruto won by resignation"]

1. d4 Nf6 2. Nf3 e6 3. Bg5 d6 4. Nbd2 h6 5. Bh4 g5 6. Bg3 Nh5 7. e4 Bg7 8. c3 Qe7 9. Bb5+ Nd7 10. O-O a6 11. Bd3 O-O 12. Re1 b6 13. Nc4 Bb7 14.
Nfd2 Nxg3 15. hxg3 c5 16. d5 b5 17. Ne3 Ne5 18.
Be2 f5 19. exf5 exf5 20. a4 f4 21. Nef1 Bxd5 22. axb5 axb5 23. Rxa8 Rxa8 24. Bxb5 Qb7 25. gxf4 gxf4 26. Ba4 Bxg2 27. Bb3+ Kh8 28. Nh2 f3 29. Ne4 Rb8 30. Bd5 Qe7 31. Ng3 Rf8 32. Qc2 Qg5 33. Qe4 Rf4 34. Qe3 h5 35. Ra1 h4 36.
Ra8+ Kh7 37. Be4+ Kh6 38. Nf5+ Rxf5 39. Bxf5 Qxe3 40. fxe3 Kg5 41. Rg8 Kf6 42. Be4 Bh6 43. Kf2 h3 44. Bxf3 Kf7 45. Rh8 Bg7 46. Rb8 Nd3+ 47. Kg1 Bh6 48. Ng4 Bxf3 49. Nxh6+ Kg6 50. Rd8 d5 51. Rd6+ Kg5 52. Nf7+ Kh4 53. Kh2 Bh5 54.
Rh6 Ne1 55. Ne5 Kg5 56. Rh8 Bg4 57. Kg3 Bf5 58. b4 cxb4 59. cxb4 Kf6 60. Nf3 Nc2 61. Nd4 Nxe3 62. b5 Nf1+ 63. Kf4 h2 64. Nxf5 1-0

[Event "*** Titled Tuesday Blitz"]
[Site "Chess.com"]
[Date "2018.12.04"]
[Round "10"]
[White "StephenDedalus83"]
[Black "mikhaillushenkov"]
[Result "1-0"]
[WhiteElo "2753"]
[BlackElo "2655"]
[TimeControl "180+2"]
[EndTime "15:25:08 PST"]
[Termination "StephenDedalus83 won by resignation"]

1. e4 e5 2. Nf3 Nc6 3. Bb5 a6 4. Ba4 Nf6 5. O-O b5 6. Bb3 Bb7 7. d3 Be7 8. Nc3 O-O 9. Ne2 d6 10. a3 Qd7 11. Ng3 Nd8 12. Nf5 Ne6 13. Ng5 Bd8 14. Qf3 c5 15. Qg3 Kh8 16. Nxe6 fxe6 17. Bxe6 Qc7 18. c4 bxc4 19. Bxc4 d5 20. exd5 Nxd5 21.
Nh4 Qe7 22. Nf3 Nf4 23. Bxf4 exf4 24. Qh3 Bc8 25. Qh5 Rf5 26. Qg4 Qf6 27. Rae1 h5 28.
Re8+ Kh7 29. Qh3 Bd7 30. Re5 Rxe5 31. Qxd7 Re7 32. Qd5 Rb8 33. Qxh5+ Qh6 34. Ng5+ Kh8 35. Nf7+ Rxf7 36. Qxf7 Bf6 37. Qd5 Bd4 38. Bxa6 Qxa6 39.
b4 Qb6 40. bxc5 Qxc5 41. Qf3 Rb2 42. Qxf4 Bxf2+ 43. Kh1 Qe3 44. Qf8+ Kh7 45. Qf5+ Kh6 46. g3 Re2 47. Qh3+ Kg6 48. Qg4+ Kf6 49. Kg2 Ke5 50. Qf4+ Qxf4 51. gxf4+ Kf5 52. Rxf2 Re3 53. Ra2 Kxf4 54. a4 Rxd3 55. a5 Rd7 56. a6 Ra7 57. Kh3 g5 58. Ra4+ Kf3 59. Ra3+ Kf4 60. Kg2 g4 61. Ra4+ Kf5 62.
Kg3 Kg5 63. Rxg4+ Kf5 64. Ra4 Rg7+ 65. Kf3 Ra7 66. h4 Ke5 67. h5 Kf5 68. Ra5+ Kf6 69. Kf4 Ke6 70. h6 Kf6 71. Ke4 Kg6 72. Kd5 Kxh6 73. Kc6 Rf7 74. a7 Rf6+ 75. Kd7 1-0

[Event "*** Titled Tuesday Blitz"]
[Site "Chess.com"]
[Date "2018.12.04"]
[Round "10"]
[White "Guenplen"]
[Black "amintabatabaei"]
[Result "0-1"]
[WhiteElo "2824"]
[BlackElo "2755"]
[TimeControl "180+2"]
[EndTime "15:25:11 PST"]
[Termination "amintabatabaei won by checkmate"]

1. d4 Nf6 2. Bf4 c5 3. e3 Nd5 4.
Bg3 Qb6 5. Nc3 Nxc3 6. bxc3 d5 7. Rb1 Qa5 8. Bb5+ Nc6 9. Ne2 e6 10. O-O Be7 11. c4 dxc4 12. dxc5 O-O 13. Bxc6 bxc6 14. Bd6 Rd8 15. Qe1 Qxe1 16. Rfxe1 Bxd6 17. cxd6 Rxd6 18. Red1 Rxd1+ 19. Rxd1 Kf8 20. Rd6 Ke7 21. Rxc6 Bd7 22. Rc5 Rb8 23. Nc3 Rb2 24. Rxc4 Kd8 25. h4 Rxc2 26. f3 a5 27. Rc5 a4 28. Kh2 a3 29. Kg3 f6 30. f4 h5 31. e4 Bc8 32.
Kf3 Ba6 33. g3 Bf1 34. e5 Kd7 35. Ke3 Rg2 36. Kf3 Rc2 37. Ke3 Bh3 38. Kd4 Rd2+ 39.
Ke3 Rc2 40. Kd4 Bf5 41. Ra5 Rd2+ 42. Kc5 Rd3 43. Rxa3 Rxg3 44. Ra7+ Ke8 45. Nb5 fxe5 46. fxe5 Kf8 47. Nd6 Bd3 48. Ra8+ Ke7 49. Ra7+ Kf8 50. Ra3 g5 51. Ne4 gxh4 52. Nxg3 hxg3 53. Rxd3 h4 54. Rf3+ Ke7 55. Rf4 h3 56. Rg4 h2 57. Rg7+ Kf8 58.
Rxg3 h1=Q 59. Rd3 Qa1 60. Kd6 Qxa2 61. Rf3+ Ke8 62. Kc7 Qa7+ 63. Kd6 Qb6# 0-1

[Event "*** Titled Tuesday Blitz"]
[Site "Chess.com"]
[Date "2018.12.04"]
[Round "10"]
[White "jmduque"]
[Black "VerdeNotte"]
[Result "0-1"]
[WhiteElo "2416"]
[BlackElo "2836"]
[TimeControl "180+2"]
[EndTime "15:25:18 PST"]
[Termination "VerdeNotte won by resignation"]

1. e4 c5 2. Nf3 d6 3. d4 cxd4 4. Nxd4 Nf6 5. Nc3 g6 6. f3 Nc6 7. Be3 d5 8. Bb5 Bd7 9. exd5 Nb4 10. Bc4 Rc8 11. Bb3 Bg7 12. O-O O-O 13. Qd2 Rxc3 14.
bxc3 Nbxd5 15. Bh6 Bxh6 16. Qxh6 Nxc3 17. Qd2 Qa5 18. Rae1 Qc5 19. Kh1 a5 20. Re3 Rc8 21. Rfe1 a4 22. Bxf7+ Kxf7 23. Rxe7+ Qxe7 24. Rxe7+ Kxe7 25. g4 Nxa2 26. Qh6 Be8 27. g5 Nd7 28. Qxh7+ Bf7 29. f4 Rc4 30. Qg7 b5 31. f5 Rxd4 32. Qxd4 gxf5 33. Qe3+ Kd8 34. g6 Bd5+ 35. Kg1 b4 36.
g7 Nc3 37. Qg5+ Kc7 38. g8=Q Bxg8 39. Qxg8 Kd6 40. Qc4 Nd5 41. h4 a3 42. h5 N7f6 43. h6 Ke5 44. Kh2 Ng4+ 45. Kh3 Nxh6 46. Qe2+ Kf6 47. Qa6+ Kg5 48. Qd6 a2 49. Qa6 Nc3 50. Qa8 Kf4 51. Qb8+ Ke3 52. Qe8+ Kd2 53. Qa8 Kc1 54.
Qh1+ Kb2 55. Kh4 a1=Q 56. Qb7 Qe1+ 57. Kg5 Qe3+ 58. Kg6 Qd4 59. Kh5 Ng4 60. Kh4 Ne3+ 61. Kh5 Qg4+ 62. Kh6 Nxc2 63. Qe7 f4 64. Qf7 f3 65. Qf6 Qg3 0-1